 Dungeon Crawl Stone Soup version 0.32-a0-893-gf85d74f360 (webtiles) character file.

Game seed: 12966871076257139357

2306 javelincjr the Thaumaturge (level 9, -4/45 HPs)
             Began as a Deep Elf Summoner on Apr 3, 2024.
             Was an Initiate of the Shining One.
             Killed from afar by an electric eel (9 damage)
             ... with a bolt of electricity
             ... on level 7 of the Dungeon.
             The game lasted 00:31:17 (6378 turns).

javelincjr the Thaumaturge (Deep Elf Summoner)      Turns: 6378, Time: 00:31:18

Health: -4/45      AC:  8    Str: 11    XL:     9   Next: 18%
Magic:  14/24      EV: 13    Int: 25    God:    the Shining One [......]
Gold:   226        SH:  0    Dex: 11    Spells: 17/26 levels left

rFire   + + +        j - +3 short sword (flame)
rCold   + + .        r - orb {*channel}
rNeg    . . .        p - +2 robe {rC+ rF+}
rPois   .            g - +0 helmet
rElec   .            c - scarf {rC+ rF+}
rCorr   .            (no gloves)
SInv    .            y - +2 pair of boots "Tiarocvo" {Fly Str+6 Dex-4 Slay+3}
Will    .....        d - amulet of regeneration
Stlth   ++           C - ring of protection from fire
HPRegen 1.07/turn    (no ring)
MPRegen 0.19/turn

%: channel magic (20%)
@: flying, glowing, studying Air Magic, inugami summoned
A: no striking features
a: Renounce Religion


You were on level 7 of the Dungeon.
You worshipped the Shining One.
The Shining One was noncommittal.
You visited 1 branch of the dungeon, and saw 7 of its levels.
You also visited: Sewer.

You collected 226 gold pieces.

Inventory:

Hand Weapons
 h - a +1 dagger of venom
 j - a +3 short sword of flaming (weapon)
 s - a +0 sling
Missiles
 i - 2 javelins
 m - 6 boomerangs
 t - 10 poisoned darts
Armour
 a - a +0 robe
 c - a scarf of resistance (worn)
 e - a +2 pair of boots
 g - a +0 helmet (worn)
 p - a +2 robe of resistance (worn)
 r - an orb of energy (worn)
 u - a +0 troll leather armour {Pargi}
 v - +0 steam dragon scales
 y - the +2 pair of boots "Tiarocvo" (worn) {Fly Str+6 Dex-4 Slay+3}
   (You found it on level 6 of the Dungeon)

   Str+6:     It affects your strength (+6).
   Dex-4:     It affects your dexterity (-4).
   Slay+3:    It affects your accuracy & damage with ranged weapons and melee
   (+3).
   Fly:       It grants you flight.
Jewellery
 d - an amulet of regeneration (around neck)
 C - a ring of protection from fire (left hand)
Wands
 l - a wand of polymorph (22)
 D - a wand of charming (6)
Scrolls
 f - a scroll of revelation
 n - a scroll of fog
 o - 4 scrolls of vulnerability
 q - 3 scrolls of teleportation
Potions
 b - a potion of magic
 k - a potion of ambrosia
 w - a potion of might {unknown}
 x - a potion of cancellation {unknown}
 z - a potion of mutation {unknown}
 A - a potion of heal wounds {unknown}
 B - a potion of haste {unknown}
 E - 2 potions of enlightenment {unknown}


   Skills:
 + Level 6.0 Dodging
 + Level 6.3 Stealth
 * Level 9.0 Spellcasting
 * Level 8.3 Summonings
 + Level 2.2 Ice Magic
 + Level 2.2 Invocations
 + Level 3.9 Evocations


You had 17 spell levels left.
You knew the following spells:

 Your Spells              Type           Power      Damage    Failure   Level
a - Summon Small Mammal   Summ           100%       N/A       2%          1
b - Call Imp              Summ           100%       N/A       2%          2
c - Call Canine Familiar  Summ           52%        N/A       3%          3
d - Summon Ice Beast      Ice/Summ       37%        N/A       8%          3

Your spell library contained the following spells:

 Spells                   Type           Power      Damage    Failure   Level
 Freeze                   Ice            88%        1d9       9%          1
 Apportation              Tloc           22%        N/A       16%         1
 Necrotise                Necr           44%        1d6       16%         1
 Sting                    Conj/Alch      44%        1d5       16%         1
 Frozen Ramparts          Ice            44%        1d7       19%         3
 Summon Blazeheart Golem  Fire/Summ      32%        N/A       24%         4
 Summon Lightning Spire   Summ/Air       32%        N/A       24%         4
 Hailstorm                Conj/Ice       16%        3d6       26%         3
 Permafrost Eruption      Ice/Erth       8%         2x4d3     100%        6
 Sculpt Simulacrum        Ice/Alch       8%         N/A       100%        6


Dungeon Overview and Level Annotations

Branches:
Dungeon (7/15)             Temple (0/1) D:6           Sewer (visited)

Altars:
Makhleb
Nemelex Xobeh
Okawaru
Qazlal
Uskayaw
The Shining One


Message History

Your familiar recovers from its injuries.
An iguana comes into view.
The electric eel shoots out a bolt of lightning at you!
The bolt of electricity hits you!
You hear an angry hiss.
The iguana hisses menacingly.
Casting: Summon Ice Beast (dangerous; 8% risk of failure)
Confirm with . or Enter, or press ? or * to list all spells.
A chill wind blows around you.
Your ice beast disappears in a puff of smoke!
Casting: Summon Ice Beast (dangerous; 8% risk of failure)
Confirm with . or Enter, or press ? or * to list all spells.
You call for your canine familiar and it appears with a howl!
The iguana closely misses you.
You hit the iguana. You burn the iguana.
The iguana is heavily wounded.
The iguana bites you!
You hit the iguana. You burn the iguana.
The iguana is severely wounded.
The iguana misses you. The iguana misses you.
Your ice beast hits the iguana.
Your ice beast freezes the iguana!
The iguana dies!
Your Dodging skill increases to level 6!
Casting: Call Canine Familiar (dangerous; 3% risk of failure)
Confirm with . or Enter, or press ? or * to list all spells.
You imbue your familiar with magical energy and its fangs glint viciously.
The electric eel shoots out a bolt of lightning at you!
The bolt of electricity hits your ice beast!
The bolt of electricity hits you! x2
A bolt of electricity appears from out of your range of vision.
The bolt of electricity hits the electric eel.
The electric eel completely resists.
The bolt of electricity hits your inugami!
The electric eel shoots out a bolt of lightning at you!
The bolt of electricity hits your ice beast!
The bolt of electricity hits you!
* * * LOW HITPOINT WARNING * * *
The bolt of electricity hits you!
You die...

##.# ####### #.# ##.#
#.....# #.##### ## #.#
#.....###.....###.)..
##.###.........#..........
.....#.....#######.###....
##.........##......# #
.......######.##...#
........## ##.#.########.
...#.....# #~@~h....~~~.~
...†...#.####.#.≈≈YS≈)≈≈≈≈≈~
##.............~≈♣♣♣≈.≈♣♣♣≈.
##......)..#.##~≈♣ ♣≈.≈♣
.........#.# #.≈♣ ♣≈~≈♣
...#...#<#... ..≈≈ ≈≈.≈≈≈≈
[........###.##...~~~~.~~~.~
.........# .##.≈≈≈≈≈.≈≈≈S≈.
###........ ##~≈♣♣♣≈.≈♣♣♣≈.


You could see an electric eel (ally target), a friendly ice beast (summoned) and
a friendly inugami (summoned).

Vanquished Creatures
  Sigmund (D:2)
  An electric eel (D:7)
  A hound (D:6)
  An orc priest (D:4)
  Jessica (D:2)
  An iguana (D:5)
  2 orc wizards
  3 adders
  2 shadow imps (D:6)
  A white imp (D:5)
  2 ribbon worms (D:3)
  3 orcs
  4 ball pythons
  An endoplasm (D:2)
  A giant cockroach (D:1)
  2 goblins
  4 hobgoblins
  3 quokkas
  3 bats
  4 frilled lizards
  3 kobolds
  2 rats
46 creatures vanquished.

Vanquished Creatures (collateral kills)
  Grinder (D:5)
  A steam dragon (D:6)
  A water moccasin (D:6)
  An ice beast (D:5)
  Pargi (Sewer)
  2 black bears (D:5)
  2 ogres (D:5)
  A brain worm (Sewer)
  A bullfrog (D:6)
  3 howler monkeys (D:7)
  A jelly (D:6)
  3 orc priests
  5 hounds
  2 iguanas
  4 orc wizards
  8 gnolls
  8 adders
  A shadow imp (D:5)
  A white imp (D:5)
  A dart slug (D:2)
  2 ribbon worms (D:3)
  10 orcs
  4 endoplasms
  5 giant cockroaches
  5 goblins
  4 hobgoblins
  3 jackals
  A quokka (D:3)
  3 ball pythons
  A bat (D:2)
  5 frilled lizards
  6 kobolds
  3 rats
100 creatures vanquished.

Grand Total: 146 creatures vanquished

Notes
Turn   | Place    | Note
-------+----------+-------------------------------------------
     0 | D:1      | javelincjr the Deep Elf Summoner began the quest for the
                  | Orb.
     0 | D:1      | Reached XP level 1. HP: 10/10 MP: 6/6
     6 | D:1      | Noticed a scorpion
     6 | D:1      | Noticed a black bear
     6 | D:1      | Noticed a lindwurm
     7 | D:1      | Noticed a swamp drake
   354 | D:1      | Reached XP level 2. HP: 15/15 MP: 6/8
   389 | D:1      | Learned a level 2 spell: Call Imp
  1055 | D:2      | Reached XP level 3. HP: 19/19 MP: 7/10
  1220 | D:2      | Reached skill level 4 in Spellcasting
  1287 | D:2      | Reached skill level 5 in Summonings
  1315 | D:2      | Learned a level 3 spell: Call Canine Familiar
  1414 | D:2      | Noticed Sigmund
  1430 | D:2      | Killed Sigmund
  1431 | D:2      | Reached skill level 5 in Spellcasting
  1431 | D:2      | Reached XP level 4. HP: 13/24 MP: 1/13
  1431 | D:2      | Reached XP level 5. HP: 15/28 MP: 1/14
  1600 | D:2      | Noticed Jessica
  1606 | D:2      | Killed Jessica
  2268 | D:3      | Reached XP level 6. HP: 32/32 MP: 13/16
  2272 | D:3      | Found a burning altar of Makhleb.
  2274 | D:3      | Found an iron altar of Okawaru.
  2276 | D:3      | Found a hide-covered altar of Uskayaw.
  2276 | D:3      | Found a glowing golden altar of the Shining One.
  2277 | D:3      | Found a stormy altar of Qazlal.
  2326 | D:3      | Found a glowing drain.
  2330 | Sewer    | Entered a sewer
  2447 | Sewer    | Noticed Pargi
  2464 | Sewer    | Killed Pargi
  2465 | Sewer    | Reached skill level 6 in Spellcasting
  2465 | Sewer    | Reached skill level 1 in Evocations
  2867 | D:3      | Became a worshipper of the Shining One
  2944 | D:3      | Was placed under penance by the Shining One
  2957 | D:3      | Reached XP level 7. HP: 36/36 MP: 13/18
  3477 | D:4      | Found a sparkling altar of Nemelex Xobeh.
  4414 | D:5      | Entered Level 5 of the Dungeon
  4430 | D:5      | Reached skill level 7 in Spellcasting
  4518 | D:5      | Reached skill level 5 in Stealth
  4563 | D:5      | Reached XP level 8. HP: 41/41 MP: 17/21
  4597 | D:5      | Reached skill level 5 in Dodging
  4879 | D:5      | Learned a level 3 spell: Summon Ice Beast
  4974 | D:5      | Noticed Grinder
  4988 | D:5      | Was forgiven by the Shining One
  5007 | D:5      | Killed Grinder
  5008 | D:5      | Reached skill level 8 in Spellcasting
  5093 | D:5      | Reached skill level 1 in Ice Magic
  5093 | D:5      | Reached skill level 1 in Invocations
  5437 | D:6      | Identified the +2 pair of boots "Tiarocvo" {Fly Str+6 Dex-4
                  | Slay+3}
  5702 | D:6      | Found a staircase to the Ecumenical Temple.
  5748 | D:6      | Reached XP level 9. HP: 34/45 MP: 20/23
  6355 | D:7      | Reached skill level 9 in Spellcasting
  6378 | D:7      | Killed from afar by an electric eel

Illustrated notes

Levels and vault maps discovered:
D:1:      onia_arrival_zoo_common, layout_basic
D:2:      kb_forest_paths, layout_basic, minmay_cut_off, uniq_jessica,
          uniq_sigmund
D:3:      layout_basic, grunt_temple_overflow_open,
          mainiacjoe_sewer_entry_somewhere_in_here_2
D:4:      layout_cave_pods, lemuel_crystal_altar, chequers_serial_rivers_micro_e
D:5:      layout_loops_cross, nicolae_concentric_dashed_squares_mild,
          uniq_grinder
D:6:      layout_cave_pools, minmay_temple_entry_statues, serial_library,
          serial_library_hellmonk_junction,
          serial_library_hellmonk_filled_rooms,
          serial_library_hellmonk_open_square,
          serial_library_hellmonk_narrow_alcove,
          serial_library_hellmonk_angled_corner,
          serial_library_hellmonk_open_square,
          serial_library_hellmonk_small_alcove,
          serial_library_hellmonk_semicircle,
          serial_library_hellmonk_long_bookcase,
          hangedman_abyss_or_decor_stagger
D:7:      layout_loops_cross, hellmonk_ghost_happy_afterlife,
          skrybe_limestone_x, kennysheep_boxes

Skill      XL: |  1  2  3  4  5  6  7  8  9 |
---------------+----------------------------+-----
Spellcasting   | 5 6 7 8 9 |  9.0
Dodging        | 3 4 5 6 |  6.0
Stealth        | 3 4 5 6 |  6.3
Summonings     | 5 6 7 8 |  8.3
Evocations     | 1 2 3 |  3.9
Ice Magic      | 1 2 |  2.2
Invocations    | 1 2 |  2.2

Action                     |  1- 3 |  4- 6 |  7- 9 || total
---------------------------+-------+-------+-------++-------
  Melee: Unarmed           |    19 |       |       ||    19
         Short sword       |    51 |    46 |   100 ||   197
   Cast: Summon Small Mamm |    28 |     6 |    34 ||    68
         Call Imp          |    15 |    12 |       ||    27
         Call Canine Famil |     3 |    12 |    45 ||    60
         Summon Ice Beast  |       |       |    18 ||    18
    Use: Scroll            |       |     7 |     5 ||    12
   Stab: Distracted        |     1 |       |       ||     1
         Sleeping          |     2 |       |       ||     2
 Armour: Robe              |    39 |    38 |    93 ||   170
  Dodge: Dodged            |    36 |    26 |    71 ||   133

Table legend: (Time is in decaauts)
 A = Elapsed time spent in this place.
 B = Non-inter-level travel time spent in this place.
 C = Inter-level travel time spent in this place.
 D = Time resting spent in this place.
 E = Time spent auto-exploring this place.
 F = Levels seen in this place.
 G = Mean time per level.
                   A        B        C        D        E       F      G
               +--------+--------+--------+--------+--------+-----+--------+
         Total |   6425 |   6239 |    186 |      8 |   4744 |   8 |  803.1 |
       Dungeon |   6111 |   5925 |    186 |      0 |   4578 |   7 |  873.0 |
         Sewer |    313 |    313 |      0 |      8 |    165 |   1 |  313.0 |
               +--------+--------+--------+--------+--------+-----+--------+

Top non-repeatable levels by time:
     D:2: 1416 daAuts
     D:4: 1008 daAuts
     D:5: 985 daAuts
     D:3: 911 daAuts
     D:1: 828 daAuts
     D:6: 742 daAuts
   Sewer: 313 daAuts
     D:7: 218 daAuts
